 Dungeon Crawl Stone Soup version 0.22-a0-160-gcc81d7a (webtiles) character file.

2841 mhoghedin the Slinger (level 10, -7/71 HPs)
             Began as a Halfling Hunter on Feb 10, 2018.
             Was a Believer of Wu Jian.
             Mangled by an orc warrior
             ... wielding a +4 trident
              (19 damage)
             ... on level 7 of the Dungeon.
             The game lasted 00:13:40 (6949 turns).

mhoghedin the Slinger (Halfling Hunter)             Turns: 6949, Time: 00:13:41

Health: -7/71      AC:  6    Str: 16    XL:     10   Next: 3%
Magic:  10/10      EV: 21    Int:  9    God:    Wu Jian [**....]
Gold:   344        SH:  0    Dex: 16    Spells: 9/9 levels left

rFire    . . .     SeeInvis .   a - +0 whip (elec)
rCold    . . .     Gourm    .   (shield restricted)
rNeg     . . .     Faith    .   k - +2 robe {MR+}
rPois    .         Spirit   .   v - +0 helmet
rElec    .         Reflect  .   (no cloak)
rCorr    .         Harm     .   u - +0 pair of gloves
MR       ++...                  (no boots)
Stlth    ++........             (no amulet)
HPRegen  0.21/turn              p - ring of protection from magic {MR+, !d}
MPRegen  0.12/turn              (no ring)

@: lethally poisoned (-7 -> -14)
A: small, mutation resistance 1
a: Wall Jump, Renounce Religion


You were on level 7 of the Dungeon.
You worshipped Wu Jian.
Wu Jian was pleased with you.
You were hungry.

You visited 1 branch of the dungeon, and saw 7 of its levels.

You collected 344 gold pieces.

Inventory:

Hand Weapons
 a - a +0 whip of electrocution (weapon)
   (You took it off Pikel on level 6 of the Dungeon)
 b - a +1 hunting sling
Missiles
 c - 2 throwing nets {=f, !d}
 e - 217 stones (quivered)
Armour
 k - a +2 robe of magic resistance (worn)
   (You took it off Blork the orc on level 5 of the Dungeon)
 u - a +0 pair of gloves (worn)
   (You found it on level 3 of the Dungeon)
 v - a +0 helmet (worn)
   (You found it on level 3 of the Dungeon)
Jewellery
 d - an uncursed ring of flight {+Fly, !d}
   (You took it off an orc on level 6 of the Dungeon)
 p - a ring of protection from magic (left hand) {MR+, !d}
   (You found it on level 4 of the Dungeon)
Wands
 m - a wand of acid (7)
   (You found it on level 5 of the Dungeon)
 y - a wand of paralysis (1)
   (You found it on level 4 of the Dungeon)
 A - a wand of random effects (33)
   (You found it on level 5 of the Dungeon)
 C - a wand of enslavement (10)
   (You found it on level 5 of the Dungeon)
Scrolls
 i - 4 scrolls of teleportation
 l - 3 scrolls of fog
 o - 2 scrolls of enchant weapon
 q - 3 scrolls of enchant armour
 r - 2 scrolls of magic mapping {!r}
 t - 3 scrolls of remove curse {unknown}
 x - a scroll of fear {unknown}
 z - a scroll of random uselessness {unknown}
 B - 3 scrolls of immolation {!r}
 D - a scroll of noise {unknown}
Potions
 g - a potion of flight
 h - a potion of haste
 n - 4 potions of curing
 s - a potion of berserk rage {!q}
 w - a potion of agility
 E - a potion of cancellation
Comestibles
 f - 9 rations


   Skills:
 + Level 7.1 Fighting
 + Level 0.3 Maces & Flails
 + Level 11.9 Slings
 + Level 8.6 Dodging
 - Level 1.1 Stealth


You had 9 spell levels left.
You didn't know any spells.

Dungeon Overview and Level Annotations

Branches:
Dungeon (7/15)             Temple (0/1) D:5

Altars:
Wu Jian


Innate Abilities, Weirdness & Mutations

You are small and have problems with some larger weapons.
You are somewhat resistant to further mutation.


Message History

Beogh smites you!
The orc warrior hits you from afar with an enchanted trident!
You take 22 damage, and have 23/71 hp.
MASSIVE DAMAGE!!
You closely miss the orc priest. The sky beast completely misses you.
The orc priest completely misses you. The orc warrior barely misses you.
The orc priest begins to cast a cantrip, but forgets the words!
The sky beast barely misses you.
Aim: a sky beast The bolt of acid hits the sky beast.
The sky beast is splashed with acid.
The acid corrodes the sky beast!
The bolt of acid hits the orc priest.
The orc priest is splashed with acid.
The acid corrodes the orc priest!
You kill the orc priest!
The Council accepts your kill.
The bolt of acid hits the orc warrior.
The orc warrior is splashed with acid.
The acid corrodes the orc warrior!
The sky beast hits you but does no damage.
You miss the sky beast. The orc warrior barely misses you.
The sky beast barely misses you.
Your +0 whip of electrocution stops crackling.
b - a +1 hunting sling (weapon)
You are too injured to fight recklessly!
The sky beast flickers out of sight!
Deactivating autopickup; reactivate with Ctrl-A.
You are too injured to fight recklessly!
You are too injured to fight recklessly!
Firing (i - inventory. (/) - cycle)
G - 2 sling bullets (quivered)
Aim: an orc warrior, wielding an enchanted trident and wearing a glowing chain mail (moderately wounded, covered in acid)
You shoot a sling bullet.
The sling bullet closely misses the orc warrior.
The sling bullet barely misses the orc.
Something closely misses you.
Firing (i - inventory. (/) - cycle)
G - a sling bullet (quivered)
Aim: an orc warrior, wielding an enchanted trident and wearing a glowing chain mail (moderately wounded, covered in acid)
You shoot a sling bullet.
Firing (i - inventory. (/) - cycle)
e - 218 stones (quivered)
Aim: an orc warrior, wielding an enchanted trident and wearing a glowing chain mail (moderately wounded, covered in acid)
You shoot a stone. Something closely misses you.
A sky beast appears from thin air!
Reactivating autopickup.
The orc warrior is no longer covered in acid.
Unknown command.
A worker ant comes into view.
The worker ant twitches its antennae in your direction.
You hear the crackle of electricity.
a - a +0 whip of electrocution (weapon)
The orc warrior barely misses you. The sky beast misses you.
The worker ant bites you.
You are poisoned.
The worker ant poisons you!
You take 1 damage, and have 28/71 hp.
Unknown command.
You repeatedly attack the orc from above.
You hit the orc. Lightning courses through the orc!
You kill the orc!
The Council accepts your kill.
You repeatedly attack the orc warrior from above.
You hit the orc warrior but do no damage. x2
You repeatedly attack the sky beast from above.
You completely miss the sky beast. You hit the sky beast.
You feel sick.
The orc warrior hits you with an enchanted trident.
The sky beast closely misses you. The worker ant closely misses you.
The orc warrior barely misses you.
The sky beast flickers out of sight!
Deactivating autopickup; reactivate with Ctrl-A.
Something hits you but does no damage.
You take 4 damage, and have 24/71 hp.
You feel sick.
The orc warrior hits you from afar with an enchanted trident.
Something hits you.
* * * LOW HITPOINT WARNING * * *
Something shocks you.
* * * LOW HITPOINT WARNING * * *
You take 9 damage, and have 15/71 hp.
Unknown command.
Something misses you. The orc warrior barely misses you.
The orc hits you but does no damage. The orc misses you.
The worker ant misses you. Something hits you but does no damage.
The orc warrior completely misses you.
You spin and attack the orc warrior.
You hit the orc warrior.
You feel sick. The orc hits you but does no damage.
You spin and attack the orc warrior.
You hit the orc warrior but do no damage.
You spin and attack the orc.
You hit the orc. The orc warrior misses you. The orc completely misses you.
The orc closely misses you.
You spin and attack the orc.
You hit the orc. Lightning courses through the orc!
You kill the orc!
The Council accepts your kill.
The orc warrior hits you from afar with an enchanted trident.
* * * LOW HITPOINT WARNING * * *
The orc completely misses you.
You take 1 damage, and have 14/71 hp.
You spin and attack the orc.
You closely miss the orc.
You spin and attack the worker ant.
You hit the worker ant.
Lightning courses through the worker ant!
The worker ant bites you.
* * * LOW HITPOINT WARNING * * *
You are more poisoned.
The worker ant poisons you!
The orc warrior hits you from afar with an enchanted trident!!
You die...

...........[...........
.......................
.......................
.....................###
.#................>.... .
.#...##......##..#...###...
.#...##.................$..
.#...##.....###..#...# ..
.....(..........@o...##....
#................ao.........
.....#...............##....#
............................
....###.....................
............................
...........................#
....####...###.#.##.###....
...........................


You could see an orc warrior, a worker ant (pinned) and an orc (pinned).

Vanquished Creatures
  Pikel (D:6)
  The ghost of PeterLawrence the Cudgeler, a novice MiFi (D:5)
  Grinder (D:6)
  Prince Ribbit (D:5)
  Menkaure (D:5)
  Edmund (D:6)
  An ice beast (D:6)
  4 slaves (D:6)
  A black bear (D:6)
  A phantom (D:6)
  2 ogres
  Blork the orc (D:5)
  A bullfrog (D:6)
  2 scorpions
  2 crimson imps
  A bullfrog zombie (D:5)
  A centaur zombie (D:5)
  2 hounds (D:5)
  2 orc priests
  2 bullfrog skeletons
  An orc wizard (D:6)
  3 worker ants
  2 hound skeletons
  8 gnolls
  2 howler monkey skeletons
  6 river rats (D:5)
  10 adders
  3 shadow imps (D:4)
  3 oozes
  3 worms
  2 adder zombies
  2 dart slugs
  4 leopard geckos
  14 orcs
  3 ball pythons
  4 bats
  6 giant cockroaches
  8 goblins
  8 hobgoblins
  13 quokkas
  6 frilled lizards
  4 kobolds
  A leopard gecko zombie (D:5)
  A quokka skeleton (D:4)
  A quokka zombie (D:6)
  28 rats
175 creatures vanquished.

Notes
Turn   | Place    | Note
-------+----------+-------------------------------------------
     0 | D:1      | mhoghedin the Halfling Hunter began the quest for the Orb.
     0 | D:1      | Reached XP level 1. HP: 14/14 MP: 1/1
   109 | D:1      | Reached skill level 2 in Fighting
   169 | D:1      | Reached skill level 6 in Slings
   169 | D:1      | Reached XP level 2. HP: 19/19 MP: 2/2
   444 | D:1      | Reached XP level 3. HP: 24/24 MP: 3/3
   900 | D:2      | Reached skill level 3 in Dodging
  1020 | D:2      | Reached XP level 4. HP: 30/30 MP: 4/4
  1329 | D:2      | Reached XP level 5. HP: 34/36 MP: 5/5
  1826 | D:3      | Reached skill level 7 in Slings
  1833 | D:3      | Reached skill level 3 in Fighting
  2204 | D:3      | Reached skill level 4 in Dodging
  2296 | D:3      | Reached XP level 6. HP: 35/42 MP: 6/6
  2950 | D:4      | Found a transporter.
  3314 | D:4      | Found an ornate altar of the Wu Jian Council.
  3432 | D:4      | Became a worshipper of the Wu Jian Council
  3464 | D:4      | Found a transporter.
  3913 | D:4      | Reached skill level 8 in Slings
  3918 | D:4      | Reached XP level 7. HP: 34/47 MP: 7/7
  4041 | D:5      | Entered Level 5 of the Dungeon
  4044 | D:5      | Noticed PeterLawrence's ghost (novice MiFi)
  4234 | D:5      | Noticed Menkaure
  4237 | D:5      | Noticed Blork the orc
  4250 | D:5      | Killed Menkaure
  4250 | D:5      | Reached skill level 4 in Fighting
  4250 | D:5      | Reached skill level 5 in Dodging
  4274 | D:5      | HP: 10/48 [something (5)]
  4299 | D:5      | Killed Blork the orc
  4736 | D:5      | Reached * piety under Wu Jian
  4736 | D:5      | Reached XP level 8. HP: 29/54 MP: 8/8
  4745 | D:5      | Reached skill level 9 in Slings
  5249 | D:5      | Reached skill level 5 in Fighting
  5249 | D:5      | Reached skill level 6 in Dodging
  5385 | D:5      | Killed PeterLawrence's ghost
  5385 | D:5      | Reached skill level 10 in Slings
  5598 | D:5      | Found a staircase to the Ecumenical Temple.
  5747 | D:5      | Noticed Prince Ribbit
  5756 | D:5      | Killed Prince Ribbit
  5756 | D:5      | Reached skill level 7 in Dodging
  5756 | D:5      | Reached XP level 9. HP: 62/62 MP: 9/9
  5928 | D:6      | Reached skill level 6 in Fighting
  6030 | D:6      | Noticed Grinder
  6042 | D:6      | Killed Grinder
  6042 | D:6      | Reached skill level 11 in Slings
  6244 | D:6      | Noticed Pikel
  6263 | D:6      | Reached ** piety under Wu Jian
  6321 | D:6      | Killed Pikel
  6321 | D:6      | Reached skill level 8 in Dodging
  6558 | D:6      | Reached skill level 7 in Fighting
  6608 | D:6      | Noticed Edmund
  6626 | D:6      | Killed Edmund
  6626 | D:6      | Reached XP level 10. HP: 56/71 MP: 10/10
  6943 | D:7      | HP: 15/71 [something (6)]
  6948 | D:7      | HP: 14/71 [orc warrior/enchanted trident (1)]
  6949 | D:7      | Mangled by an orc warrior

Vault maps used:
D:1:      kennysheep_arrival_forest
D:2:      fountainhead, minmay_pentomino_o4
D:4:      gammafunk_wand_slinger, marbit_many_paths
D:5:      lemuel_ratsnest, temple_hall, first_ration, uniq_blork_the_orc,
          uniq_prince_ribbit1, uniq_menkaure
D:6:      uniq_edmund, uniq_pikel, uniq_grinder

Skill      XL: |  1  2  3  4  5  6  7  8  9 |
---------------+----------------------------+-----
Fighting       | 2 3 4 5 7 |  7.1
Slings         | 6 7 8 10 11 | 11.9
Dodging        | 3 4 5 7 8 |  8.6
Maces & Flails | |  0.3
Stealth        | |  1.1

Action                   |  1- 3 |  4- 6 |  7- 9 | 10-12 || total
-------------------------+-------+-------+-------+-------++-------
Melee: Short sword       |       |       |    22 |       ||    22
       Hunting sling     |       |       |     1 |       ||     1
       Whip              |       |       |     6 |    36 ||    42
 Fire: Hunting sling     |    71 |   250 |   438 |     3 ||   762
Invok: Wall Jump         |       |       |     4 |     1 ||     5
       Whirlwind         |       |       |       |     6 ||     6
       Lunge             |       |       |       |     2 ||     2
Evoke: Wand              |       |       |    20 |     1 ||    21
  Use: Potion            |       |       |     5 |       ||     5
       Scroll            |       |       |       |    10 ||    10
 Stab: Paralysed         |       |       |     7 |       ||     7
       Sleeping          |       |       |       |     1 ||     1
  Eat: Chunk             |       |     9 |       |     1 ||    10
       Ration            |       |       |     2 |       ||     2
Armor: Leather armour    |     3 |     9 |       |       ||    12
       Ring mail         |       |    12 |     9 |       ||    21
       Robe              |       |       |    11 |     5 ||    16
Dodge: Dodged            |     9 |    54 |   101 |    42 ||   206

Table legend:
 A = Spawn XP
 B = Non-spawn XP
 C = Spawn XP percentage of total XP
 D = Spawn monster count
 E = Non-spawn monster count
 F = Spawn count percentage of total count
 G = Total turns spent on level
                    A         B        C        D         E        F      G
               +---------+---------+-------+---------+---------+-------+---------
         Total |       0 |    4059 |   0.0 |       0 |     171 |   0.0 |  6949
               +---------+---------+-------+---------+---------+-------+---------
           D:1 |       0 |      49 |   0.0 |       0 |      20 |   0.0 |   896
           D:2 |       0 |      93 |   0.0 |       0 |      22 |   0.0 |   793
           D:3 |       0 |     165 |   0.0 |       0 |      34 |   0.0 |  1219
           D:4 |       0 |     218 |   0.0 |       0 |      12 |   0.0 |  1175
           D:5 |       0 |    1631 |   0.0 |       0 |      48 |   0.0 |  1801
           D:6 |       0 |    1845 |   0.0 |       0 |      31 |   0.0 |   939
           D:7 |       0 |      58 |   0.0 |       0 |       4 |   0.0 |   126
               +---------+---------+-------+---------+---------+-------+---------

Vault maps used:
D:1:      kennysheep_arrival_forest
D:2:      fountainhead, minmay_pentomino_o4
D:4:      gammafunk_wand_slinger, marbit_many_paths
D:5:      lemuel_ratsnest, temple_hall, first_ration, uniq_blork_the_orc,
          uniq_prince_ribbit1, uniq_menkaure
D:6:      uniq_edmund, uniq_pikel, uniq_grinder

Table legend:
 A = Turns spent in this place as a percentage of turns spent in the entire game.
 B = Non-inter-level travel turns spent in this place as a percentage of non-inter-level travel turns spent in the entire game.
 C = Inter-level travel turns spent in this place as a percentage of turns spent in this place.
 D = Turns resting spent in this place as a percentage of non-inter-level travel turns spent in this place.
 E = Turns spent auto-exploring this place as a percentage of non-inter-level travel turns spent in this place.
 F = Non-inter-level travel turns spent in this place divided by the number of levels of this place that you've seen.
                   A       B       C       D       E      F
               +-------+-------+-------+-------+-------+----------------------
         Total | 100.0 | 100.0 |   5.4 |  14.6 |  66.0 | 939.1
       Dungeon | 100.0 | 100.0 |   5.4 |  14.6 |  66.0 | 939.1
               +-------+-------+-------+-------+-------+----------------------

Table legend:
 A = Kills in this place as a percentage of kills in entire the game.
 B = Kills by you in this place as a percentage of kills by you in the entire game.
 C = Kills by friends in this place as a percentage of kills by friends in the entire game.
 D = Other kills in this place as a percentage of other kills in the entire game.
 E = Experience gained in this place as a percentage of experience gained in the entire game.
 F = Experience gained in this place divided by the number of levels of this place that you have seen.
                   A       B       C       D       E      F
               +-------+-------+-------+-------+-------+----------------------
         Total | 100.0 | 100.0 |   N/A |   N/A | 100.0 | 579.9
       Dungeon | 100.0 | 100.0 |   N/A |   N/A | 100.0 | 579.9
               +-------+-------+-------+-------+-------+----------------------
